 Dungeon Crawl Stone Soup version 0.32-a0-999-gfa1cc04b1d (webtiles) character file.

Game seed: 18255052630779723867

32 protoss039 the Digger (level 3, -2/39 HPs)
             Began as a Demonspawn Earth Elementalist on Apr 24, 2024.
             Slain by a gnoll
             ... wielding a +0 halberd
              (10 damage)
             ... on level 2 of the Dungeon.
             The game lasted 00:01:31 (943 turns).

protoss039 the Digger (DsEE)                         Turns: 943, Time: 00:01:31

Health: -2/39      AC: 21    Str:  8    XL:     3   Next: 8%
Magic:  5/6        EV:  2    Int: 17    God:
Gold:   42         SH:  0    Dex: 13    Spells: 6/7 levels left

rFire   . . .        e - +0 dagger
rCold   . . .        (no shield)
rNeg    . . .        a - melded +0 robe
rPois   +            (helmet currently unavailable)
rElec   .            (cloak currently unavailable)
rCorr   .            (gloves currently unavailable)
SInv    .            (boots currently unavailable)
Will    .....        (no amulet)
Stlth   ++           (no ring)
HPRegen 0.26/turn    (no ring)
MPRegen 0.10/turn

%: no passive effects
@: lethally poisoned (-2 -> -17), tree-form
A: stationary, stasis, torment immunity, boosted hp, (antennae 1), (sturdy frame
1)
a: no special abilities


You were on level 2 of the Dungeon.
You were a tree.
You visited 1 branch of the dungeon, and saw 2 of its levels.

You collected 42 gold pieces.

Inventory:

Hand Weapons
 e - a +0 dagger (weapon)
Missiles
 c - 5 poisoned darts
Armour
 a - a +0 robe (melded)
Jewellery
 h - a ring of poison resistance
Scrolls
 b - 2 scrolls of identify {unknown}
 d - 2 scrolls of teleportation {unknown}
 f - a scroll of revelation {unknown}


   Skills:
 + Level 1.5 Fighting
 - Level 1.7 Dodging
 - Level 1.7 Stealth
 + Level 2.5 Spellcasting
 - Level 1.0 Conjurations
 + Level 3.1 Earth Magic


You had 6 spell levels left.
You knew the following spells:

 Your Spells              Type           Power      Damage    Failure   Level
a - Sandblast             Erth           24%        2d8       4%          1

Your spell library contained the following spells:

 Spells                   Type           Power      Damage    Failure   Level
 Passwall                 Erth           12%        N/A       16%         3
 Stone Arrow              Conj/Erth      18%        3d8       24%         3
 Brom's Barrelling Bould  Conj/Erth      9%         2d3       61%         4
 Petrify                  Alch/Erth      7%         N/A       67%         4


Dungeon Overview and Level Annotations

Branches:
Dungeon (2/15) Zot: 11036

Altars:


Innate Abilities, Weirdness & Mutations

You are a tree.
Your roots penetrate the ground, keeping you stationary.
You cannot be teleported.
You are immune to unholy pain and torment.
Your maximum health is greatly increased.
Your equipment is partially melded.
((You have a pair of small antennae on your head.))
((Your movements are slightly less encumbered by armour. (ER -2)))


Message History

Okay, then.
Unknown command.
Found 5 stones.
Casting: Sandblast (safe; 5% risk of failure)
Confirm with . or Enter, or press ? or * to list all spells.
Aiming: Sandblast (safe; 5% risk of failure)
Press: ? - help, Shift-Dir - straight line, f - frilled lizard
Aim: a frilled lizard (asleep, 100% to hit)
The blast of sand hits the frilled lizard.
You kill the frilled lizard!
Unknown command.
Magic restored.
d - 2 scrolls labelled KOGEDA PIGOI (gained 1)
Found a stone staircase leading up. 3 gnolls come into view.
A gnoll is wielding a +1 halberd of venom.
The gnoll shouts!
There are monsters nearby!
The gnoll shouts! x2
There are monsters nearby!
Casting: Sandblast (safe; 4% risk of failure)
Confirm with . or Enter, or press ? or * to list all spells.
Aiming: Sandblast (safe; 4% risk of failure)
Press: ? - help, Shift-Dir - straight line, f - gnoll
Aim: a gnoll, wielding a +1 halberd of venom (84% to hit)
The blast of sand hits the gnoll.
The gnoll is moderately wounded.
The gnoll hits you from afar with a +1 halberd of venom!
Ouch! That really hurt!
You are lethally poisoned!
The gnoll closely misses you.
Press: ? - help, v - describe, . - travel
Here: a gnoll, wielding a +1 halberd of venom (lightly wounded)
The floor.
You feel very sick.
It was a potion of lignification.
You turn into a tree.
Your +0 robe melds into your body.
Your roots penetrate the ground.
* * * LOW HITPOINT WARNING * * *
You feel very sick.
The gnoll hits you from afar with a +0 halberd!
You die...

#......#......##....###
#..#...##..............
#..##.###.....#..(..#
#...................#
######.#######....(....†.#
.......# ###.###.....#
######## ###.# ###..######
# #...#####......<. #
#..♣.......###### #
#.g######### # #gg# #
#...# # #....# # #.....# #
#....... # ##...... #
##...##


You could see 3 gnolls.

Vanquished Creatures
  A dart slug (D:1)
  4 ball pythons
  3 endoplasms (D:1)
  A goblin (D:1)
  4 hobgoblins (D:1)
  3 jackals (D:1)
  A quokka (D:1)
  5 bats (D:1)
  2 frilled lizards
  3 kobolds (D:1)
  A rat (D:1)
28 creatures vanquished.

Notes
Turn   | Place    | Note
-------+----------+-------------------------------------------
     0 | D:1      | protoss039 the Demonspawn Earth Elementalist began the
                  | quest for the Orb.
     0 | D:1      | Reached XP level 1. HP: 13/13 MP: 3/3
   232 | D:1      | Gained mutation: Your movements are slightly less
                  | encumbered by armour. (ER -2) [demonic ancestry]
   232 | D:1      | Reached XP level 2. HP: 19/20 MP: 1/5
   264 | D:1      | Reached skill level 1 in Fighting
   308 | D:1      | Found a faded altar of an unknown god.
   312 | D:1      | HP: 1/21 [jackal (2)]
   313 | D:1      | Reached skill level 3 in Earth Magic
   693 | D:1      | Gained mutation: You have a pair of small antennae on your
                  | head. [demonic ancestry]
   693 | D:1      | Reached XP level 3. HP: 26/26 MP: 4/6
   943 | D:2      | Slain by a gnoll

Illustrated notes

Levels and vault maps discovered:
D:1:      ldierk_walled_garden_2, layout_rooms,
          dreamdust_ecumenical_altar_statues
D:2:      layout_loops_ring, kennysheep_generic_room_11

Skill      XL: |  1  2 |
---------------+-------+-----
Fighting       | 1 |  1.5
Earth Magic    | 3 |  3.1
Dodging        | |  1.7
Stealth        | |  1.7
Spellcasting   | |  2.5
Conjurations   | |  1.0

Action                     || total
---------------------------++-------
  Melee: Dagger            ||    15
   Cast: Sandblast         ||    39
    Use: Potion            ||     2
 Armour: Robe              ||    46
         Skin              ||     1
  Dodge: Dodged            ||    33

Table legend: (Time is in decaauts)
 A = Elapsed time spent in this place.
 B = Non-inter-level travel time spent in this place.
 C = Inter-level travel time spent in this place.
 D = Time resting spent in this place.
 E = Time spent auto-exploring this place.
 F = Levels seen in this place.
 G = Mean time per level.
                   A        B        C        D        E       F      G
               +--------+--------+--------+--------+--------+-----+--------+
         Total |    962 |    943 |     19 |     96 |    640 |   2 |  481.0 |
       Dungeon |    962 |    943 |     19 |     96 |    640 |   2 |  481.0 |
               +--------+--------+--------+--------+--------+-----+--------+

Top non-repeatable levels by time:
     D:1: 902 daAuts
     D:2: 60 daAuts
